 Dungeon Crawl Stone Soup version 0.25.0-9-g26727b657a (webtiles) character file.

Game seed: 5018698100612937379

19 protoss039 the Digger (level 2, -8/15 HPs)
             Began as a Deep Elf Earth Elementalist on June 19, 2020.
             Killed by divine providence
             ... invoked by an orc priest
              (13 damage)
             ... on level 2 of the Dungeon.
             The game lasted 00:02:49 (1996 turns).

protoss039 the Digger (Deep Elf Earth Elementalist) Turns: 1996, Time: 00:02:51

Health: -8/15      AC:  6    Str:  5    XL:     2   Next: 55%
Magic:  6/8        EV: 13    Int: 19    God:
Gold:   60         SH:  0    Dex: 15    Spells: 6/7 levels left

rFire    . . .     SeeInvis .   (no weapon)
rCold    . . .     Gourm    .   (no shield)
rNeg     . . .     Faith    .   c - +0 robe
rPois    .         Spirit   .   a - +2 helmet
rElec    .         Reflect  .   (no cloak)
rCorr    .         Harm     .   (no gloves)
MR       .....                  j - +0 pair of boots
Stlth    ++........             (no amulet)
HPRegen  0.05/turn              (no ring)
MPRegen  0.11/turn              (no ring)

@: no status effects
A: no striking features
a: no special abilities


You were on level 2 of the Dungeon.
You were not hungry.

You visited 1 branch of the dungeon, and saw 2 of its levels.

You collected 60 gold pieces.

Inventory:

Hand Weapons
 m - a +0 dagger
Missiles
 b - 80 stones (quivered)
Armour
 a - a +2 helmet (worn)
 c - a +0 robe (worn)
 j - a +0 pair of boots (worn)
Jewellery
 i - a cursed amulet of inaccuracy {unknown}
Scrolls
 e - a scroll of remove curse {unknown}
 g - a scroll of teleportation {unknown}
 h - a scroll of fog {unknown}
 l - a scroll of identify {unknown}
Potions
 f - a potion of curing {unknown}
Comestibles
 d - 2 rations
 k - a chunk of flesh


   Skills:
 - Level 2.4 Dodging
 + Level 2.5 Stealth
 + Level 3.4 Spellcasting
   Level 1.1 Transmutations
 * Level 4.0 Earth Magic


You had 6 spell levels left.
You knew the following spells:

 Your Spells              Type           Power        Failure   Level  Hunger
a - Sandblast             Erth           ###...       2%          1    None

Your spell library contained the following spells:

 Spells                   Type           Power        Failure   Level  Hunger
 Passwall                 Tmut/Erth      ##......     8%          2    ##.....
 Stone Arrow              Conj/Erth      ##....       19%         3    ###....
 Petrify                  Tmut/Erth      ##......     45%         4    ####...
 Lee's Rapid Deconstruct  Erth           ###.......   58%         5    ######.


Dungeon Overview and Level Annotations

Branches:
Dungeon (2/15)

Altars:


Message History

Aiming: Sandblast (safe; 2% risk of failure)
Press: ? - help, Shift-Dir - straight line, f - orc
Aim: an orc, wielding a +0 dagger and wearing a +0 leather armour The blast of sand hits the orc but does no damage.
b - 81 stones The orc priest calls down the wrath of Beogh upon you.
Pain shoots through your body!
Casting: Sandblast (safe; 2% risk of failure)
Confirm with . or Enter, or press ? or * to list all spells.
Aiming: Sandblast (safe; 2% risk of failure)
Press: ? - help, Shift-Dir - straight line, f/p - orc
Aim: an orc, wielding a +0 dagger and wearing a +0 leather armour The blast of sand hits the orc.
The orc is almost dead.
b - 80 stones The orc hits you with a +0 dagger.
The orc priest mumbles some strange prayers to Beogh against you.
Beogh smites you!
Ouch! That really hurt!
You die...

#...................
#......##...........
#......##....##..#
######...........#
####.##.##### #.##.#
#.##.# #.##.#####
#...>.@oo#
#.#.####o.K..%.
...#. ....... #. #.
..o.... # #. .#.....
## ###...# #.## ##


You could see an orc priest, an orc wizard, 2 orcs and a kobold.

Vanquished Creatures
  A dart slug (D:2)
  A giant cockroach (D:1)
  A goblin (D:1)
  8 hobgoblins
  A frilled lizard (D:2)
  3 rats
15 creatures vanquished.

Notes
Turn   | Place    | Note
-------+----------+-------------------------------------------
     0 | D:1      | protoss039 the Deep Elf Earth Elementalist began the quest
                  | for the Orb.
     0 | D:1      | Reached XP level 1. HP: 10/10 MP: 6/6
   805 | D:1      | Reached XP level 2. HP: 6/15 MP: 6/8
  1893 | D:2      | Reached skill level 4 in Earth Magic
  1996 | D:2      | Killed from afar by an orc priest

Illustrated notes

Levels and vault maps discovered:
D:1:      lightli_arrival_windingriver, layout_basic
D:2:      layout_loops_cross, lemuel_crystal_altar, first_ration

Skill      XL: |  1  2 |
---------------+-------+-----
Earth Magic    | 4 |  4.0
Dodging        | |  2.4
Stealth        | |  2.5
Spellcasting   | |  3.4
Transmutations | |  1.1

Action                   || total
-------------------------++-------
Melee: Unarmed           ||    18
 Cast: Sandblast         ||    25
 Stab: Sleeping          ||     3
  Eat: Chunk             ||     3
Armor: Robe              ||     1
Dodge: Dodged            ||    18
